Map: Ice and Chrome LE

Players

INnoVation

  • Race: Terran Terran
  • Spawn Location: 1:00

Scarlett - Winner!

  • Race: Zerg Zerg
  • Spawn Location: 7:00

Event: DreamHack SC2 Masters 2020 Fall

VOD

Have the link to the VOD?

Description

Time

  • Played on: Sept. 18, 2020, 1:26 p.m.
  • Length: 13:22

All games in this series

Show
View Real Time Build Order
Export as new Build Order

INnoVation Terran 

Build Orders: Reaper Expand 

Get SALT Encoding   

  12  0:00  SCV  
  13  0:12  SCV  
  14  0:17  Supply Depot  
  14  0:24  SCV  
  15  0:38  SCV  
  15  0:41  Barracks  
  16  0:43  Refinery  
  16  0:50  SCV  
  17  1:03  SCV  
  18  1:15  SCV  
  19  1:28  Orbital Command, Reaper  
  20  1:40  Command Center  
  20  1:49  Supply Depot  
  20  1:53  SCV  
  21  1:59  Marine  
  22  2:05  SCV  
  23  2:13  Factory  
  23  2:17  Marine  
  23  2:18  SCV  
  23  2:19  Refinery  
  25  2:30  SCV  
  25  2:36  Barracks Reactor  
  26  2:42  SCV  
  27  2:52  Orbital Command  
  27  2:54  SCV  
  28  2:59  Starport  
  28  3:06  SCV  
  28  3:08  Command Center  
  29  3:17  Hellion  
  29  3:18  SCV  
  29  3:19  SCV  
  33  3:23  Hellion  
  35  3:34  Supply Depot  
  35  3:35  Starport Tech Lab  
  35  3:36  SCV  
  35  3:38  Hellion, SCV  
  39  3:45  Hellion  
  41  3:55  Raven, SCV  
  43  3:56  SCV  
  43  3:58  Barracks Tech Lab  
  43  4:00  Hellion  
  46  4:06  Hellion  
  46  4:08  SCV x2  
  50  4:17  Stimpack, Marine  
  50  4:20  SCV x2  
  50  4:21  Orbital Command  
  53  4:32  SCV x2  
  53  4:35  Barracks  
  53  4:37  Barracks  
  55  4:41  Supply Depot  
  55  4:45  Engineering Bay  
  55  4:46  Engineering Bay, SCV x2  
  55  4:47  Starport Reactor  
  55  4:49  SCV  
  55  4:50  Marine  
  59  4:53  Refinery  
  59  4:56  Refinery  
  59  4:58  SCV x2  
  61  5:01  Siege Tank  
  61  5:06  SCV  
  65  5:10  SCV  
  65  5:12  Marine  
  65  5:17  Terran Infantry Armor Level 1, Terran Infantry Weapons Level 1  
  65  5:18  Orbital Command  
  65  5:19  SCV  
  66  5:22  SCV  
  66  5:27  Barracks  
  67  5:31  SCV, Barracks, Starport Reactor  
  67  5:33  Marine  
  67  5:34  SCV, Marine x2  
  74  5:39  Siege Tank  
  77  5:47  SCV, Supply Depot  
  77  5:48  SCV  
  77  5:50  Supply Depot  
  77  5:52  SCV  
  77  5:53  Marine  
  77  5:54  Marine x4  
  77  5:56  Combat Shield  
  83  6:01  SCV x2  
  83  6:03  Supply Depot  
  85  6:08  Medivac, Supply Depot  
  85  6:10  Medivac  
  89  6:14  Marine x2  
  89  6:16  Barracks Reactor  
  94  6:18  Siege Tank, Barracks Reactor  
  94  6:21  Marine x2  
  94  6:25  SCV x3  
  99  6:30  Supply Depot  
  99  6:33  Armory  
  99  6:37  Supply Depot  
  99  6:38  SCV  
  99  6:39  SCV x2  
  102  6:43  Marine x4  
  102  6:44  Marine  
  105  6:48  Medivac x2  
  109  6:55  Marine x2  
  109  6:56  Marine x2  
  109  6:57  Supply Depot  
  109  7:01  Marine  
  113  7:03  Siege Tank, Supply Depot  
  113  7:07  Marine x4  
  121  7:13  Marine x3  
  121  7:15  Marine  
  125  7:19  Marine  
  125  7:20  SCV  
  125  7:21  SCV x2  
  129  7:23  Supply Depot  
  129  7:24  Terran Infantry Weapons Level 2  
  129  7:25  Marine x2  
  129  7:27  Marine x2  
  133  7:30  Terran Infantry Armor Level 2  
  133  7:31  Marine x2  
  133  7:43  Marine  
  133  7:44  Marine x4  
  122  7:45  Siege Tank, Marine x2  
  122  7:47  SCV x3  
  128  7:55  Marine x2  
  123  8:01  Marine x2  
  123  8:03  Marine x5  
  115  8:06  Medivac x2  
  119  8:13  SCV x3, Marine x2  
  119  8:19  Marine x2  
  121  8:21  Marine x5  
  121  8:26  Refinery x2  
  126  8:27  Missile Turret  
  126  8:29  Factory  
  126  8:31  SCV x2, Marine x2  
  129  8:37  Marine x2  
  129  8:38  Marine  
  129  8:39  Marine x3  
  118  8:41  Marine  
  118  8:45  Medivac x2  
  106  8:48  Marine  
  106  8:49  Marine  
  106  8:50  Thor  
  106  8:55  Marine x2  
  107  8:59  Missile Turret  
  107  9:02  Drilling Claws, Missile Turret  
  107  9:03  Command Center  
  107  9:07  Marine x5  
  112  9:14  Factory Reactor  
  112  9:15  Medivac x2  
  116  9:21  Marauder, Marine x3  
  121  9:24  Marine  
  121  9:25  Marine x3  
  125  9:35  Barracks  
  125  9:37  Barracks  
  124  9:38  Barracks  
  124  9:39  Thor  
  124  9:45  Marauder, Terran Infantry Weapons Level 3  
  131  9:47  Marine x5  
  131  9:52  Widow Mine x2  
  140  9:58  Supply Depot  
  140  9:59  Terran Infantry Armor Level 3, Supply Depot, Marine  
  140  10:00  Marine  
  140  10:02  Marine  
  143  10:07  Marine  
  143  10:08  Marauder, Marine x2  
  143  10:12  Sensor Tower  
  147  10:15  Widow Mine x2  
  150  10:23  Thor  
  155  10:29  Barracks Tech Lab  
  155  10:30  Barracks Tech Lab x2, Marine  
  155  10:31  Marauder  
  155  10:34  Marine x2  
  160  10:37  Planetary Fortress  
  160  10:45  Widow Mine  
  160  10:46  Widow Mine  
  160  10:48  Missile Turret  
  164  10:53  Supply Depot  
  164  10:54  Marauder x2  
  164  10:55  Marine x2  
  169  10:57  Marine x2  
  169  10:59  Marine x2  
  173  11:06  Medivac, Supply Depot  
  173  11:07  Medivac  
  177  11:14  Marauder  
  177  11:15  Marauder x2, Marine  
  166  11:30  Thor  
  166  11:32  Marauder, Marine x4  
  150  11:35  SCV  
  150  11:36  SCV, Marauder  
  150  11:37  Marauder  
  150  11:39  Marine x2  
  139  11:57  Medivac x2, Marauder  
  139  11:59  Marauder x2  
  139  12:00  Marine  
  139  12:01  Marine x2  
  156  12:07  Marine x4  
  160  12:12  Marine  
  160  12:13  Marine  
  162  12:18  Marine x4  
  159  12:23  Marine  
  159  12:29  Medivac x2  
  160  12:34  Thor  
  160  12:35  Widow Mine x2  
  160  12:36  Marine  
  144  12:37  Marine x3  
  144  12:38  Marine  
  144  12:40  Marine  
  144  12:41  Marine  
  150  12:55  Marauder, Marine x4  
  150  12:56  Marauder, Marine x2  
Show
View Real Time Build Order
Export as new Build Order

Scarlett Zerg - Winner!

Build Orders: Hatch First, Muta Ling Bane 

Get SALT Encoding   

  12  0:00  Drone  
  13  0:12  Overlord  
  13  0:17  Drone  
  14  0:30  Drone  
  14  0:31  Drone  
  16  0:47  Hatchery  
  15  0:50  Drone  
  15  0:54  Drone  
  17  0:57  Drone  
  18  1:08  Extractor  
  17  1:11  Spawning Pool  
  17  1:15  Drone  
  17  1:19  Drone  
  18  1:28  Drone  
  19  1:38  Drone  
  20  1:50  Drone  
  21  1:59  Queen x2  
  21  2:00  Zergling x4  
  27  2:15  Hatchery  
  26  2:17  Overlord  
  26  2:20  Drone  
  27  2:23  Drone  
  29  2:37  Drone x3, Metabolic Boost  
  31  2:46  Drone  
  31  2:47  Overlord  
  31  2:51  Queen  
  34  2:55  Drone x2  
  36  3:08  Drone x5  
  41  3:14  Queen  
  41  3:17  Drone  
  44  3:27  Overlord  
  44  3:28  Queen  
  44  3:29  Drone x2  
  44  3:32  Overlord  
  48  3:37  Overlord  
  48  3:38  Drone x2  
  50  3:51  Drone  
  50  3:52  Drone x4  
  55  3:56  Queen  
  55  3:58  Queen  
  55  4:00  Drone  
  55  4:01  Drone  
  61  4:08  Zergling x8  
  61  4:09  Overlord  
  65  4:19  Overlord  
  65  4:26  Drone  
  65  4:27  Queen  
  65  4:28  Overlord  
  65  4:30  Drone x6  
  74  4:36  Overlord  
  74  4:37  Queen  
  76  4:39  Drone x4  
  76  4:42  Overlord  
  80  4:47  Overlord  
  80  4:49  Lair  
  80  4:51  Extractor  
  79  4:54  Spore Crawler  
  79  4:55  Spore Crawler  
  79  4:56  Drone x3  
  80  5:02  Drone x7  
  84  5:14  Drone x5  
  84  5:19  Drone x2  
  84  5:20  Evolution Chamber x2  
  89  5:21  Drone x4  
  89  5:22  Extractor x2  
  89  5:23  Drone, Baneling Nest  
  89  5:24  Extractor x2  
  89  5:25  Drone x2  
  89  5:27  Drone  
  92  5:30  Drone  
  92  5:35  Zergling x2  
  94  5:36  Hatchery  
  94  5:38  Zergling x2  
  94  5:43  Zergling x2  
  94  5:47  Zerg Ground Armor Level 1, Zerg Melee Weapons Level 1  
  95  5:53  Overseer  
  95  5:58  Zergling x6  
  95  5:59  Zergling x16  
  106  6:08  Centrifical Hooks  
  106  6:11  Spire  
  105  6:20  Pneumatized Carapace, Hatchery  
  105  6:21  Overlord  
  105  6:22  Drone x9  
  113  6:28  Overlord  
  113  6:43  Overlord x2  
  113  6:44  Overlord x2  
  113  6:49  Overlord x2  
  113  6:50  Drone x6  
  113  6:53  Extractor x2  
  117  6:55  Zergling x8  
  117  6:56  Zergling x2  
  117  6:57  Baneling x9  
  117  6:58  Baneling x7  
  122  7:04  Zergling x12  
  128  7:09  Zergling x2  
  128  7:10  Overseer  
  128  7:12  Zergling x2  
  130  7:16  Zergling x4  
  130  7:19  Zergling x10  
  137  7:25  Mutalisk x6  
  137  7:26  Mutalisk  
  151  7:30  Zergling x8  
  151  7:35  Mutalisk  
  151  7:36  Zergling x2  
  156  7:44  Zergling x2, Mutalisk x2  
  142  7:45  Zergling x2  
  142  7:47  Zergling x2  
  142  7:48  Zergling x8  
  142  7:50  Baneling x4  
  153  7:55  Mutalisk  
  153  7:56  Zergling x10  
  155  7:59  Zergling x8  
  155  8:01  Zergling x4  
  143  8:05  Zergling x2  
  143  8:09  Baneling, Zergling x2  
  143  8:10  Baneling x10  
  143  8:12  Zergling x6  
  139  8:21  Zergling x14  
  139  8:22  Zergling x10  
  139  8:27  Zergling x2  
  150  8:29  Zerg Melee Weapons Level 2, Zerg Ground Armor Level 2  
  145  8:34  Mutalisk  
  145  8:35  Zergling x6  
  141  8:42  Zergling x12  
  141  8:46  Zerg Flyer Weapons Level 1  
  142  8:49  Infestation Pit  
  142  8:50  Overseer x4  
  142  8:55  Zergling x20  
  151  9:06  Baneling x4  
  151  9:07  Baneling x8  
  151  9:13  Drone  
  151  9:14  Drone x7, Overlord x2  
  151  9:15  Overlord  
  155  9:21  Drone  
  155  9:23  Mutalisk x4  
  164  9:31  Hive, Zergling x12  
  164  9:32  Zergling x2, Hatchery  
  170  9:41  Extractor  
  169  9:46  Extractor  
  169  9:49  Mutalisk x2  
  169  9:50  Mutalisk x2  
  176  9:57  Baneling x7  
  176  10:03  Mutalisk  
  176  10:04  Overlord  
  176  10:05  Zergling x26  
  191  10:20  Burrow  
  191  10:24  Zergling x18  
  191  10:25  Baneling  
  191  10:26  Baneling x15  
  196  10:44  Greater Spire  
  194  10:56  Adrenal Glands  
  193  10:58  Zergling x12  
  173  11:35  Zergling x30  
  173  11:36  Zergling x30  
  176  11:48  Zergling x12  
  176  11:52  Queen  
  191  11:57  Overlord x2  
  191  11:59  Corruptor x6  
  195  12:04  Baneling x9  
  195  12:05  Baneling x10  
  195  12:15  Baneling x20  
  195  12:16  Baneling x5  
  195  12:18  Zergling x8  
  183  12:35  Zergling x34  
  183  12:36  Zergling x2  
  177  12:38  Baneling x9  
  177  12:41  Brood Lord x6  
  189  12:47  Zergling x14  
  196  12:57  Zergling x6  

Tags
 
Add a new tag
Caveats
  • Supply blocks, unpowered buildings, or Contaminate may cause inaccurate times.
  • Supply counts are checked every 10 seconds.